 Dungeon Crawl Stone Soup version 0.25.0-1-g7eea58d (webtiles) character file.

Game seed: 5505239769944652168

128 Blackhawk the Chopper (level 4, -2/41 HPs)
             Began as a Minotaur Berserker on June 14, 2020.
             Was a Believer of Trog.
             Killed by divine providence
             ... invoked by an orc priest
              (15 damage)
             ... on level 3 of the Dungeon.
             The game lasted 00:01:59 (1877 turns).

Blackhawk the Chopper (Minotaur Berserker)          Turns: 1877, Time: 00:01:59

Health: -2/41      AC:  2    Str: 22    XL:     4   Next: 87%
Magic:  3/3        EV: 28    Int:  4    God:    Trog [**....]
Gold:   73         SH:  0    Dex: 10    Spells: 3/3 levels left

rFire    . . .     SeeInvis .   a - +0 hand axe
rCold    . . .     Gourm    .   (no shield)
rNeg     . . .     Faith    .   b - +0 animal skin
rPois    .         Spirit   .   (helmet restricted)
rElec    .         Reflect  .   (no cloak)
rCorr    .         Harm     .   (no gloves)
MR       .....                  (no boots)
Stlth    +.........             f - amulet of the acrobat
HPRegen  0.13/turn              (no ring)
MPRegen  0.08/turn              (no ring)

@: berserk cooldown, acrobat, slowed, very slow
A: retaliatory headbutt, horns 2
a: Berserk, Trog's Hand, Renounce Religion


You were on level 3 of the Dungeon.
You worshipped Trog.
Trog was pleased with you.
You were hungry.

You visited 1 branch of the dungeon, and saw 3 of its levels.

You collected 73 gold pieces.

Inventory:

Hand Weapons
 a - a +0 hand axe (weapon)
Armour
 b - a +0 animal skin (worn)
Jewellery
 f - an amulet of the acrobat (around neck)
 k - an uncursed amulet of magic regeneration {unknown}
Scrolls
 d - 2 scrolls of enchant weapon {unknown}
 e - a scroll of magic mapping {unknown}
 g - a scroll of noise {unknown}
 i - a scroll of fear {unknown}
 n - 2 scrolls of amnesia {unknown}
 p - a scroll of remove curse {unknown}
 q - a scroll of identify {unknown}
Potions
 j - 3 potions of curing {unknown}
 l - 2 potions of heal wounds {unknown}
 m - a potion of ambrosia {unknown}
 o - 2 potions of brilliance {unknown}
 r - a potion of stabbing {unknown}
Comestibles
 c - 5 rations
 h - 3 chunks of flesh


   Skills:
 + Level 4.5 Fighting
 + Level 4.5 Axes
 + Level 3.8 Armour
 + Level 3.4 Dodging


You had 3 spell levels left.
You didn't know any spells.
Your spell library was empty.

Dungeon Overview and Level Annotations

Branches:
Dungeon (3/15)

Altars:
Cheibriados
The Shining One


Innate Abilities, Weirdness & Mutations

You reflexively headbutt those who attack you in melee.
You have a pair of horns on your head.


Message History

Items here: )) [[ a +0 short sword; a +0 scale mail; a cursed -2 club; a +0 leather armour You feel a strong urge to attack something.
The jackal misses you.
You hit the jackal.
You kill the jackal!
Trog accepts your kill.
An orc priest comes into view. It is wielding a +0 short sword.
You feel a strong urge to attack something.
A jackal comes into view.
The jackal barks!
Items here: ))))) ††††† You are no longer berserk.
You are exhausted.
You feel yourself slow down.
The orc shouts!
Items here: ))))) ††††† The orc priest invokes the aid of Beogh against you.
Beogh smites you!
You die...

......#
......#
.[....#
......#
.o....#
#######....._#
#...#.h......#
#.#.#)#......#
#.#.#@########
###.#.#.#
##..<#.#)#
#....#.#)#
#........#
#.####.###
#.####.#
#......#
########


You could see an orc priest and a jackal.

Vanquished Creatures
  Robin (D:3)
  3 adders
  2 oozes
  A worm (D:2)
  2 dart slugs (D:1)
  A leopard gecko (D:3)
  5 orcs (D:3)
  A giant cockroach (D:1)
  16 goblins
  9 hobgoblins
  5 jackals
  A quokka (D:2)
  6 bats
  2 frilled lizards
  5 kobolds
  6 rats
  4 toadstools (D:1)
70 creatures vanquished.

Notes
Turn   | Place    | Note
-------+----------+-------------------------------------------
     0 | D:1      | Blackhawk the Minotaur Berserker began the quest for the
                  | Orb.
     0 | D:1      | Reached XP level 1. HP: 19/19 MP: 0/0
   128 | D:1      | Reached XP level 2. HP: 27/27 MP: 1/1
   561 | D:1      | Reached XP level 3. HP: 18/33 MP: 2/2
  1414 | D:2      | Found a snail-covered altar of Cheibriados.
  1566 | D:2      | Reached XP level 4. HP: 40/40 MP: 3/3
  1668 | D:2      | Reached ** piety under Trog
  1829 | D:3      | Noticed Robin
  1830 | D:3      | Found a glowing golden altar of the Shining One.
  1848 | D:3      | Killed Robin
  1877 | D:3      | Killed from afar by an orc priest

Illustrated notes

Levels and vault maps discovered:
D:1:      ldierk_water_garden, layout_basic,
          hangedman_abyss_or_decor_lesser_grid
D:2:      layout_rooms, old_standard_altar
D:3:      layout_basic, yredelemnul_altar_generic, overflow_temple_1_default,
          gammafunk_ghost_smash, first_ration, minivault_4, uniq_robin

Skill      XL: |  1  2  3 |
---------------+----------+-----
Axes           | 4 |  4.5
Fighting       | 4 |  4.5
Armour         | 3 |  3.8
Dodging        | 3 |  3.4

Action                   |  1- 3 |  4- 6 || total
-------------------------+-------+-------++-------
Melee: Hand axe          |    87 |    42 ||   129
       Headbutt          |    13 |    10 ||    23
Invok: Berserk           |       |     1 ||     1
 Stab: Sleeping          |       |     1 ||     1
  Eat: Chunk             |     2 |     1 ||     3
Armor: Animal skin       |    19 |     8 ||    27
Dodge: Dodged            |    67 |    28 ||    95
